 Dungeon Crawl Stone Soup version 0.25.1-2-g60ff931df9 (webtiles) character file.

Game seed: 5101590859782365763

723595 Atelerd the Cryomancer (level 27, 0/244 HPs)
             Began as an Octopode Venom Mage on Aug 3, 2020.
             Was an Elder of Sif Muna.
             Killed by divine providence
             ... invoked by a greater mummy
              (15 damage)
             ... on level 3 of the Tomb of the Ancients.
             The game lasted 06:32:04 (97987 turns).

Atelerd the Cryomancer (Octopode Venom Mage)       Turns: 97987, Time: 06:32:05

Health: 0/244      AC: 53    Str: 10    XL:     27
Magic:  12/47      EV: 28    Int: 40    God:    Sif Muna [****..]
Gold:   11456      SH: 13    Dex: 29    Spells: 7/66 levels left

rFire    + + +     SeeInvis +   P - +9 long sword (protect)
rCold    + + .     Gourm    .   l - +3 buckler {reflect}
rNeg     + . .     Faith    .   G - +2 hat {SInv}
rPois    ∞         Spirit   .   V - amulet of the Air {Inacc +Fly rElec EV+5 RMsl}
rElec    +         Reflect  +   Y - ring of the Mage {Wiz MR++ Int+3}
rCorr    +         Harm     .   D - +4 ring of protection
MR       +++++                  g - ring "Ukhluonu" {rF+ MR+ Int+4 Dex+3}
Stlth    ++++++....             S - ring of Wuvenan {+Blink rF+ Str-4 Int-3 Dex+10}
HPRegen  0.00/turn              X - ring of Robustness {AC+8}
MPRegen  0.30/turn              N - ring of protection from cold
                                j - ring of Piaschawk {rElec Int+4 Dex+3 Slay+4}
                                W - ring "Xogept" {*Contam rCorr Str+7 Int+4}

@: statue-form, marked, protection aura, slightly contaminated, slowed, studying
Short Blades, repel missiles, very slow
A: almost no armour, stealthy swim, amphibious, 8 rings, constrict 8, camouflage
1, cold resistance 1, fire resistance 1, magic resistance 1, robust 1, screaming
1, inhibited regeneration, weak 1, wild magic 1, MP-powered wands
}: 5/15 runes: decaying, slimy, silver, abyssal, gossamer
a: End Transformation, Channel Magic, Forget Spell, Divine Exegesis, Renounce
Religion, Evoke Blink, Evoke Flight


You were on level 3 of the Tomb of the Ancients.
You worshipped Sif Muna.
Sif Muna was greatly pleased with you.
You were not hungry.
You were a stone statue.
You visited 12 branches of the dungeon, and saw 56 of its levels.
You visited the Abyss 2 times.
You also visited: Ice Cave.

You collected 12593 gold pieces.
You spent 1137 gold pieces at shops.

Inventory:

Hand Weapons
 F - a +9 scimitar of holy wrath
 P - a +9 long sword of protection (weapon)
Armour
 l - a +3 buckler of reflection (worn)
 G - a +2 hat of see invisible (worn)
Jewellery
 g - the ring "Ukhluonu" (on tentacle) {rF+ MR+ Int+4 Dex+3}
   (You found it on level 5 of the Pits of Slime)

   [ring of protection from fire]

   It affects your intelligence (+4).
   It affects your dexterity (+3).
   It protects you from fire.
   It affects your resistance to hostile enchantments.
 j - the ring of Piaschawk (on tentacle) {rElec Int+4 Dex+3 Slay+4}
   (You found it on level 3 of the Elven Halls)

   [ring of slaying]

   It affects your intelligence (+4).
   It affects your dexterity (+3).
   It affects your accuracy and damage with ranged weapons and melee attacks
   (+4).
   It insulates you from electricity.
 D - a +4 ring of protection (right tentacle)
 N - a ring of protection from cold (on tentacle)
 S - the ring of Wuvenan (on tentacle) {+Blink rF+ Str-4 Int-3 Dex+10}
   (You found it on level 5 of the Pits of Slime)

   [ring of protection from fire]

   It affects your strength (-4).
   It affects your intelligence (-3).
   It affects your dexterity (+10).
   It protects you from fire.
   It lets you blink.
 V - the amulet of the Air (around mantle) {Inacc +Fly rElec EV+5 RMsl}
   (You found it on level 3 of the Elven Halls)

   [amulet of inaccuracy]

   It reduces the accuracy of all your attacks.
   It affects your evasion (+5).
   It insulates you from electricity.
   It lets you fly.
   It protects you from missiles.
 W - the ring "Xogept" (on tentacle) {*Contam rCorr Str+7 Int+4}
   (You acquired it on level 3 of the Spider Nest)

   [ring of resist corrosion]

   It affects your strength (+7).
   It affects your intelligence (+4).
   It causes magical contamination when unequipped.
   It provides partial protection from all sources of acid and corrosion.
 X - the ring of Robustness (on tentacle) {AC+8}
   (You found it on level 3 of the Elven Halls)

   [ring of protection]

   It affects your AC (+8).
 Y - the ring of the Mage (left tentacle) {Wiz MR++ Int+3}
   (You found it on level 3 of the Elven Halls)

   [ring of wizardry]

   It improves your spell success rate.
   It affects your intelligence (+3).
   It affects your resistance to hostile enchantments.
Wands
 c - a wand of clouds (5)
 k - a wand of iceblast (10)
 C - a wand of acid (35)
 I - a wand of paralysis (31)
 U - a wand of random effects (15)
Scrolls
 f - 3 scrolls of summoning
 i - 40 scrolls of remove curse
 m - 12 scrolls of magic mapping
 p - 4 scrolls of fog
 t - 4 scrolls of identify
 v - 9 scrolls of enchant armour
 y - 6 scrolls of teleportation
 z - 3 scrolls of enchant weapon
 A - 11 scrolls of amnesia
 B - 8 scrolls of vulnerability
 E - 4 scrolls of torment
 R - 8 scrolls of fear
 T - 2 scrolls of holy word
 Z - 2 scrolls of silence
Potions
 a - 5 potions of brilliance
 d - 3 potions of cancellation
 e - 11 potions of curing
 h - 11 potions of ambrosia
 n - 4 potions of resistance
 q - 4 potions of lignification
 r - 10 potions of flight
 s - 7 potions of stabbing
 u - 8 potions of magic
 w - 4 potions of might
 x - a potion of heal wounds
 J - 3 potions of berserk rage
 M - 4 potions of mutation
 Q - 4 potions of invisibility
Books
 H - a manual of Short Blades
Miscellaneous
 L - 3 phantom mirrors
Comestibles
 b - 25 rations


   Skills:
 - Level 10.0 Fighting
 - Level 9.7(10.0) Short Blades
 - Level 2.9(6.8) Long Blades
 - Level 10.0 Dodging
 - Level 10.2 Stealth
 - Level 14.0 Shields
 - Level 20.0 Spellcasting
 - Level 17.0 Conjurations
   Level 5.0 Hexes
 - Level 13.0 Summonings
 - Level 15.2 Necromancy
 - Level 13.0 Transmutations
 - Level 14.7 Fire Magic
 * Level 21.8 Ice Magic
 - Level 6.6 Air Magic
 - Level 10.3 Earth Magic
 - Level 7.4 Poison Magic
 - Level 14.0 Invocations
 - Level 8.0 Evocations


You had 7 spell levels left.
You knew the following spells:

 Your Spells              Type           Power        Failure   Level  Hunger
a - Freezing Cloud        Conj/Ice/Air   ########..   1%          6    None
b - Ignition              Fire           ########..   6%          8    ##.....
c - Haunt                 Necr/Summ      ########..   1%          7    None
d - Ignite Poison         Fire/Tmut/Pois ########     1%          3    None
e - Olgreb's Toxic Radia  Pois           #######.     1%          4    None
g - Orb of Destruction    Conj           ########..   1%          7    None
h - Iron Shot             Conj/Erth      ########..   1%          6    None
i - Dispel Undead         Necr           ########     1%          4    None
l - Necromutation         Tmut/Necr      ########..   8%          8    ##.....
s - Statue Form           Tmut/Erth      ########.    1%          6    None

Your spell library contained the following spells:

 Spells                   Type           Power        Failure   Level  Hunger
 Animate Skeleton         Necr           N/A          1%          1    None
 Apportation              Tloc           ######       1%          1    None
 Beastly Appendage        Tmut           ######       1%          1    None
 Corona                   Hex            #######      1%          1    None
 Foxfire                  Conj/Fire      ####         1%          1    None
 Freeze                   Ice            ####         1%          1    None
 Infusion                 Chrm           ####         1%          1    None
 Magic Dart               Conj           ####         1%          1    None
 Pain                     Necr           ####         1%          1    None
 Sandblast                Erth           ######       1%          1    None
 Shock                    Conj/Air       ####         1%          1    None
 Sting                    Tmut/Pois      ####         1%          1    None
 Summon Butterflies       Summ           ########     1%          1    None
 Summon Small Mammal      Summ           ####         1%          1    None
 Blink                    Tloc           N/A          1%          2    None
 Call Imp                 Summ           ########     1%          2    None
 Corpse Rot               Necr/Air       N/A          1%          2    None
 Ensorcelled Hibernation  Hex/Ice        ######       1%          2    None
 Passwall                 Tmut/Erth      ########     1%          2    None
 Poisonous Vapours        Pois/Air       ######       1%          2    None
 Shroud of Golubria       Chrm/Tloc      ######       1%          2    None
 Slow                     Hex            #######.     1%          2    None
 Song of Slaying          Chrm           ######..     1%          2    None
 Sticks to Snakes         Tmut           ########     1%          2    None
 Sublimation of Blood     Necr           ########..   1%          2    None
 Swiftness                Chrm/Air       ######..     1%          2    None
 Call Canine Familiar     Summ           ########     1%          3    None
 Confusing Touch          Hex            #######.     1%          3    None
 Conjure Flame            Conj/Fire      ########     1%          3    None
 Dazzling Flash           Conj/Hex       ######       1%          3    None
 Frozen Ramparts          Ice            ######       1%          3    None
 Gell's Gravitas          Tloc           ######....   1%          3    None
 Inner Flame              Hex/Fire       ########     1%          3    None
 Mephitic Cloud           Conj/Pois/Air  ########     1%          3    None
 Ozocubu's Armour         Chrm/Ice       ########     1%          3    None
 Portal Projectile        Hex/Tloc       ######       1%          3    None
 Recall                   Summ/Tloc      N/A          1%          3    None
 Spectral Weapon          Hex/Chrm       ######..     1%          3    None
 Spider Form              Tmut/Pois      ########..   1%          3    None
 Static Discharge         Conj/Air       ########     1%          3    None
 Stone Arrow              Conj/Erth      ######       1%          3    None
 Summon Guardian Golem    Hex/Summ       #######.     1%          3    None
 Teleport Other           Tloc           ######..     1%          3    None
 Tukima's Dance           Hex            #######.     1%          3    None
 Vampiric Draining        Necr           ########..   1%          3    None
 Airstrike                Air            #######...   1%          4    None
 Animate Dead             Necr           N/A          1%          4    None
 Cause Fear               Hex            #######...   1%          4    None
 Hailstorm                Conj/Ice       ########     1%          4    None
 Ice Form                 Ice/Tmut       ########     1%          4    None
 Iskenderun's Mystic Bla  Conj/Tloc      #######.     1%          4    None
 Leda's Liquefaction      Hex/Erth       #######...   1%          4    None
 Petrify                  Tmut/Erth      ########     1%          4    None
 Sticky Flame             Conj/Fire      ########     1%          4    None
 Summon Ice Beast         Ice/Summ       ########     1%          4    None
 Summon Lightning Spire   Summ/Air       ########     1%          4    None
 Agony                    Necr           ########     1%          5    None
 Alistair's Intoxication  Tmut/Pois      ########     1%          5    None
 Aura of Abjuration       Summ           ########..   1%          5    None
 Blade Hands              Tmut           ########..   1%          5    None
 Bolt of Magma            Conj/Fire/Erth ########..   1%          5    None
 Borgnjor's Vile Clutch   Necr/Erth      ########..   1%          5    None
 Excruciating Wounds      Chrm/Necr      #######...   1%          5    None
 Fireball                 Conj/Fire      ########..   1%          5    None
 Irradiate                Conj/Tmut      ########..   1%          5    None
 Iskenderun's Battlesphe  Conj/Chrm      #######.     1%          5    None
 Lee's Rapid Deconstruct  Erth           ########..   1%          5    None
 Lightning Bolt           Conj/Air       ########..   1%          5    None
 Metabolic Englaciation   Hex/Ice        ########..   1%          5    None
 Silence                  Hex/Air        #######...   1%          5    None
 Summon Demon             Summ           ########..   1%          5    None
 Summon Forest            Summ/Tloc      #######...   1%          5    None
 Summon Mana Viper        Hex/Summ       #######.     1%          5    None
 Yara's Violent Unravell  Hex/Tmut       #######...   1%          5    None
 Conjure Ball Lightning   Conj/Air       ########..   1%          6    None
 Death Channel            Necr           ########..   1%          6    None
 Eringya's Noxious Bog    Tmut/Pois      ########..   1%          6    None
 Hydra Form               Tmut           ########..   1%          6    None
 Ozocubu's Refrigeration  Ice            ########..   1%          6    None
 Shadow Creatures         Summ           N/A          1%          6    None
 Simulacrum               Ice/Necr       ########..   1%          6    None
 Starburst                Conj/Fire      ########..   1%          6    None
 Dragon Form              Tmut           ########..   1%          7    None
 Monstrous Menagerie      Summ           ########..   1%          7    None
 Spellforged Servitor     Conj/Summ      ########..   1%          7    None
 Summon Greater Demon     Summ           ########..   1%          7    None
 Summon Hydra             Summ           ########..   1%          7    None
 Passage of Golubria      Tloc           N/A          4%          4    None
 Darkness                 Hex            #######...   7%          6    None
 Invisibility             Hex            #######.     7%          6    None
 Ring of Flames           Chrm/Fire      #######...   14%         7    None
 Malign Gateway           Summ/Tloc      #######...   21%         7    None
 Borgnjor's Revivificati  Necr           ########..   4%          8    ##.....
 Infestation              Necr           ########..   4%          8    ##.....
 Absolute Zero            Ice            ########..   5%          9    ####...
 Lehudib's Crystal Spear  Conj/Erth      ########..   9%          8    ##.....
 Chain Lightning          Conj/Air       ########..   17%         8    ##.....
 Fire Storm               Conj/Fire      ########..   41%         9    ####...
 Death's Door             Chrm/Necr      #######...   63%         8    ##.....
 Dragon's Call            Summ           ########..   78%         9    ####...
 Discord                  Hex            #######...   91%         8    ##.....
 Shatter                  Erth           ########..   98%         9    ####...
 Tornado                  Air            #######...   100%        9    ####...


Dungeon Overview and Level Annotations

Branches:
Dungeon (15/15)            Temple (1/1) D:5            Lair (6/6) D:11
  Swamp (4/4) Lair:3       Spider (4/4) Lair:2        Slime (5/5) Lair:5
    Orc (2/2) D:12            Elf (3/3) Orc:2        Vaults (5/5) D:14
  Crypt (3/3) Vaults:2       Tomb (3/3) Crypt:3      Depths (5/5) D:15
    Zot (0/5) Depths:5      IceCv (visited)

Altars:
Ashenzari
Cheibriados
Dithmenos
Elyvilon
Fedhas
Gozag
Hepliaklqana
Kikubaaqudgha
Makhleb
Nemelex Xobeh
Okawaru
Qazlal
Ru
Sif Muna
Trog
Uskayaw
Vehumet
Wu Jian
Xom
Yredelemnul
Zin
The Shining One
Jiyva

Shops:
D:5 [(   D:11 *   D:14 ?   Orc:2 :}=?   Elf:3 ==**   Vaults:2 (   Vaults:3 %
Depths:3 :[

Portals:
Hell: Depths:2 Depths:3 Depths:4 Depths:5
Abyss: Spider:2 Depths:4
Pandemonium: Depths:2 Depths:3 Depths:5
Ziggurat: Depths:3

Annotations:
D:11 exclusion: 2 downstairs
D:13 exclusion: upstairs
D:14 exclusions: 2 downstairs and upstairs
Spider:2 exclusion: downstairs
Elf:1 exclusion: downstairs
Crypt:1 exclusion: downstairs
Crypt:2 Khufu


Innate Abilities, Weirdness & Mutations

You cannot wear most types of armour.
You are very stealthy in the water. (Stealth+)
You are amphibious.
You can wear up to eight rings at the same time.
You can use your tentacles to constrict eight enemies at once.
Your skin changes colour to match your surroundings (Stealth+).
((Your rubbery body absorbs attacks. (AC +1, EV +1)))
((You are partially covered in thin metallic scales. (AC +2)))
Your flesh is cold resistant. (rC+)
Your flesh is heat resistant. (rF+)
You are resistant to hostile enchantments. (MR+)
You are robust. (+10% HP)
You occasionally shout uncontrollably at your foes.
You do not regenerate when monsters are visible.
You are weak. (Str -2)
Your spells are a little harder to cast, but a little more powerful.
You expend magic power (3 MP) to strengthen your wands.


Message History

Unknown command.
Blink to where?
Press: ? - help, Dir - move target cursor You lose your grip on something.
You are lightly contaminated with residual magic.
As you read the scroll of blinking, it crumbles to dust.
The bennu enters a dispersal trap!
The bennu blinks!
The guardian mummy blinks! x2
The ancient champion blinks!
The ancient lich blinks!
The bennu blinks!
The ancient lich blinks!
You blink.
The bennu blinks!
The ancient champion completely misses you.
You block the bennu's attack. The bennu completely misses you.
You block the bennu's attack.
The ancient champion hits you with a +0 great sword of pain!
* * * LOW HITPOINT WARNING * * *
The bennu completely misses you. The bennu claws you!
* * * LOW HITPOINT WARNING * * *
The bennu completely misses you.
The greater mummy gestures at you while chanting.
Something smites you!
You die...

...†..............$.
###.........M..Mz..#
#^.......L8......#
##.W........WMW.#
##..nWWn......##
##.§.z...z§.##
##.WbM§§..##
##§.bb.§## #§b8§§.#
#§z.z§.# #§.§§..#
+§§§§..+ #§§§§..#
#..§§.§# #§.....#
#......# #......#


You could see 2 greater mummies, an ancient lich (invisible), 4 bennus, 2
ancient champions, a skeletal warrior, 2 flayed ghosts, an ushabti (catching
breath), a freezing wraith (summoned), 2 necrophages and a shadow (summoned).

Vanquished Creatures
  the Royal Jelly (Slime:5)
  4 ancient liches
  2 juggernauts
  Mara (Vaults:4)
  Sojobo (Depths:1)
  30 greater mummies
  Boris (twice) (Vaults:4 Crypt:3)
  4 golden dragons
  A profane servitor (Depths:1)
  the Enchantress (Depths:5)
  2 bone dragons
  6 tentacled monstrosities
  The ghost of Eitelfritz the Hoplite, an adept MiGl of Makhleb (Swamp:4)
  4 liches
  5 deep elf blademasters
  Asterion (Vaults:1)
  2 quicksilver dragons
  2 deep elf master archers (Elf:3)
  4 titans (Vaults:5)
  22 acid blobs
  9 ancient champions
  10 sphinxes
  2 Executioners
  The ghost of Menwosug the Severer, an adept FoFi of Okawaru (Spider:2)
  2 thorn hunters
  4 tentacled starspawn
  7 draconian monks (Depths:5)
  5 shadow dragons
  2 storm dragons
  9 tengu reavers
  12 azure jellies
  7 fire giants
  7 revenants
  7 frost giants
  5 ghost moths
  13 deep elf sorcerers
  12 vault wardens
  2 iron dragons (Vaults:5)
  Louise (Depths:4)
  3 emperor scorpions
  3 cacodemons (Abyss:4)
  6 deep elf elementalists
  6 curse skulls
  A draconian knight (Depths:5)
  3 spriggan defenders (Depths:5)
  32 large abominations
  7 ghouls
  2 war gargoyles (Vaults:5)
  17 very ugly things
  13 ironheart preservers
  5 bennus (Tomb:2)
  3 green draconians (Depths:5)
  5 entropy weavers
  17 stone giants
  5 vampire knights
  7 deep elf demonologists
  9 spark wasps
  2 purple draconians (Depths:5)
  Azrael (D:12)
  5 black draconians (Depths:5)
  3 white draconians (Depths:5)
  9 deep elf annihilators
  2 red draconians (Depths:5)
  3 eidola
  8 ettins
  A blizzard demon (Depths:5)
  A merfolk javelineer (Depths:3)
  A green death (Abyss:1)
  10 deep elf death magi
  10 death oozes
  2 pearl dragon zombies (Depths:1)
  Josephine (D:15)
  A merfolk impaler (Depths:3)
  12 great orbs of eyes
  13 yaktaur captains
  9 deep elf high priests
  A quicksilver dragon zombie (Crypt:2)
  10 fire dragons
  8 jiangshi (Crypt:1)
  20 ogre magi
  16 mummy priests
  Erolcha (D:9)
  22 vault guards
  14 hydras
  4 rakshasas
  4 spriggan air magi
  4 ice dragons
  A hell beast (Depths:3)
  A shambling mangrove (Swamp:1)
  3 death knights
  3 catoblepae
  64 two-headed ogres
  21 dancing weapons
  A spectral storm dragon (Crypt:3)
  14 alligators
  3 hell hogs
  3 tengu warriors
  31 death scarabs
  10 deep troll shamans
  9 centaur warriors
  9 vampire magi
  10 deep troll earth magi
  7 spriggan berserkers
  8 thrashing horrors
  A shock serpent (shapeshifter) (Depths:2)
  A sun demon (Depths:5)
  14 deep elf knights
  51 skeletal warriors
  2 spatial maelstroms
  11 hell knights
  A death drake (shapeshifter) (Depths:1)
  15 shadow wraiths
  A sixfirhy (Abyss:3)
  An unseen horror (D:10)
  2 spriggan druids
  A wretched star (Abyss:3)
  A spectral anaconda (Crypt:3)
  7 swamp dragons
  An infernal demonspawn (Depths:5)
  34 deep trolls
  A shadow demon (Depths:2)
  15 ironbrand convokers
  A quicksilver dragon simulacrum (Crypt:2)
  3 wizards
  8 flayed ghosts
  10 lindwurms
  14 deep elf archers
  2 harpies
  3 glowing orange brains (Abyss:4)
  27 phantasmal warriors
  8 necromancers
  2 orb spiders (shapeshifter)
  27 orb spiders
  A harpy (shapeshifter) (Elf:1)
  9 orc knights
  24 wolf spiders
  An anaconda skeleton (Crypt:2)
  A fire giant zombie (Crypt:1)
  A spectral ice dragon (Crypt:3)
  8 cyclopes
  47 deep elf magi
  11 shining eyes
  A shining eye (shapeshifter) (Vaults:5)
  5 oklob plants
  8 elephants (Lair:4)
  5 manticores
  A faun (shapeshifter) (Vaults:2)
  2 worldbinders
  61 ugly things
  2 moths of wrath (Spider:4)
  149 slime creatures
  An orc sorcerer (Elf:3)
  A fire giant skeleton (Depths:1)
  A salamander (shapeshifter) (Vaults:4)
  An iron dragon skeleton (Crypt:2)
  4 centaur zombies
  A frost giant skeleton (Tomb:3)
  A guardian serpent (shapeshifter) (Vaults:4)
  4 black mambas
  An apocalypse crab (Abyss:1)
  16 vault sentinels
  2 black mambas (shapeshifter)
  A shock serpent zombie (Crypt:2)
  4 apis skeletons (Depths:1)
  A rust devil (Depths:5)
  3 smoke demons
  A water nymph (shapeshifter) (Vaults:3)
  5 ice statues (IceCv)
  Maurice (D:13)
  3 stone giant skeletons
  An eye of devastation (Abyss:4)
  3 gargoyles
  A torpor snail (Spider:1)
  15 spiny frogs
  2 storm dragon simulacra
  4 centaur skeletons
  3 orange demons
  2 yaktaur zombies
  2 catoblepas zombies
  12 demonic crawlers
  7 komodo dragons
  5 kobold demonologists
  A shock serpent skeleton (Crypt:2)
  An emperor scorpion zombie (Crypt:2)
  A komodo dragon (shapeshifter) (Depths:3)
  3 yaktaurs (shapeshifter)
  2 rime drakes (Lair:6)
  A rime drake (shapeshifter) (Depths:3)
  12 freezing wraiths
  A sea snake zombie (Crypt:1)
  4 anaconda simulacra (IceCv)
  51 guardian mummies
  A golden dragon simulacrum (IceCv)
  5 ancient zymes
  42 yaktaurs
  2 hellwings
  A queen ant zombie (Crypt:2)
  35 jumping spiders
  2 polar bears
  2 wind drakes (shapeshifter)
  A red devil (Depths:2)
  7 tengu conjurers
  A polar bear (shapeshifter) (Depths:1)
  12 tyrant leeches
  27 hornets
  11 trolls
  2 hornets (shapeshifter) (Depths:4)
  13 hippogriffs
  3 wind drakes (Depths:5)
  A blink frog (shapeshifter) (Elf:2)
  A spectral swamp dragon (Crypt:3)
  16 blink frogs
  3 human simulacra
  2 ettin zombies (Crypt:1)
  16 raiju
  12 dream sheep (Lair:6)
  9 bog bodies
  2 stone giant simulacra (Depths:1)
  2 spectral tyrant leeches (Swamp:4)
  A centaur simulacrum (D:15)
  An ice dragon skeleton (Crypt:2)
  80 redbacks
  2 redbacks (shapeshifter)
  Sigmund (D:4)
  39 tarantellas
  A fire dragon skeleton (Depths:1)
  A dire elephant simulacrum (IceCv)
  A wyvern (shapeshifter) (Vaults:3)
  9 ushabtiu
  3 ynoxinuls
  11 spriggans
  6 fire elementals
  7 shadows
  An air elemental (Elf:3)
  A yak (shapeshifter) (D:15)
  30 flying skulls
  15 wraiths
  13 water elementals
  2 wyverns
  7 basilisks
  2 nameless horrors
  7 golden eyes
  19 yaks
  Eustachio (D:4)
  6 fire bats
  A black mamba skeleton (Crypt:2)
  8 vampire mosquitoes
  A chaos spawn (Abyss:2)
  4 steam dragons
  4 hungry ghosts
  2 harpy simulacra (IceCv)
  4 neqoxecs
  A spectral spiny frog (Crypt:3)
  21 insubstantial wisps
  14 spatial vortices
  12 swamp worms
  A swamp worm (shapeshifter) (Depths:4)
  5 wargs
  3 hell hounds (D:13)
  An acid dragon (Vaults:2)
  A monstrous demonspawn zombie (Crypt:1)
  A deep troll zombie (Vaults:3)
  5 water moccasins
  A hydra simulacrum (IceCv)
  A floating eye (Abyss:4)
  4 porcupines
  16 swamp drakes
  A deep troll skeleton (Vaults:3)
  3 phantoms
  A hornet zombie (D:14)
  A snapping turtle zombie (Crypt:3)
  10 ice beasts
  A dream sheep zombie (Crypt:1)
  A manticore zombie (Tomb:2)
  7 eyes of draining
  8 sky beasts
  27 orc warriors
  A swamp dragon zombie (Tomb:1)
  An ettin simulacrum (Crypt:2)
  4 black bears
  8 wolves
  9 boggarts (Depths:1)
  57 ogres
  2 necrophages
  15 crocodiles
  14 centaurs
  6 big kobolds
  A centaur (shapeshifter) (Depths:4)
  2 spriggan simulacra (Swamp:4)
  A swamp dragon skeleton (Crypt:2)
  A fire crab zombie (Crypt:2)
  2 gnoll sergeants
  16 bullfrogs
  A spiny frog simulacrum (Swamp:4)
  4 earth elementals
  19 small abominations
  2 scorpions
  3 troll zombies (Swamp:3)
  12 killer bees
  2 electric eels (Spider:2)
  4 wights (D:13)
  A wolf zombie (Crypt:2)
  5 howler monkeys
  4 crimson imps
  15 starcursed masses
  2 bullfrog zombies
  2 quasits
  6 hounds
  2 iron imps
  13 orc priests
  A basilisk skeleton (Crypt:3)
  7 jellies
  2 bullfrog skeletons
  2 iguanas
  Natasha (thrice) (D:2)
  Terence (D:2)
  7 orc wizards
  A spectral swamp drake (Swamp:4)
  8 worker ants
  6 hell rats (Lair:4)
  A felid zombie (Crypt:1)
  2 dwarf zombies
  A deep dwarf zombie (Crypt:3)
  A demigod skeleton (Crypt:1)
  A tengu skeleton (Crypt:1)
  45 mummies
  2 howler monkey zombies
  12 gnolls
  5 adders
  2 shadow imps
  2 white imps (Abyss:1)
  8 oozes
  An adder skeleton (D:4)
  2 adder zombies (D:9)
  A lava snake skeleton (Crypt:3)
  A barachi zombie (Crypt:3)
  4 dart slugs
  7 leopard geckos
  65 orcs
  2 ball pythons (D:2)
  14 bats
  4 giant cockroaches
  4 goblins
  6 hobgoblins
  8 jackals (D:1)
  3 quokkas
  A ball python skeleton (D:5)
  5 frilled lizards
  A jackal skeleton (D:5)
  34 kobolds
  A leopard gecko zombie (D:8)
  An orc skeleton (Crypt:3)
  5 rats
  A rat skeleton (Crypt:2)
  A butterfly (D:5)
  A fungus (Swamp:2)
  A lurking horror (Abyss:3)
  3 macabre masses (Abyss:4)
  5 plants
  6 starspawn tentacles
  A withered plant (Crypt:3)
2756 creatures vanquished.

Vanquished Creatures (collateral kills)
  3 juggernauts
  Frederick (Vaults:4)
  A golden dragon (Vaults:5)
  A tentacled monstrosity (Vaults:5)
  A lich (Depths:4)
  A titan (Vaults:5)
  5 acid blobs
  A tentacled starspawn (Abyss:1)
  An ancient champion (Tomb:2)
  A shadow dragon (Vaults:5)
  3 fire giants
  4 azure jellies
  3 emperor scorpions
  A vault warden (Vaults:1)
  3 ghouls
  A vampire knight (Crypt:1)
  A very ugly thing (Vaults:5)
  A war gargoyle (Vaults:5)
  3 bennus
  3 mummy priests
  3 fire dragons
  A great orb of eyes (Slime:2)
  11 vault guards (Vaults:5)
  A dancing weapon (Elf:2)
  2 skeletal warriors (Crypt:2)
  A hell knight (Depths:5)
  A spatial maelstrom (Abyss:2)
  A glowing orange brain (Depths:5)
  A lindwurm (Depths:5)
  2 harpies (Vaults:3)
  A phantasmal warrior (Crypt:1)
  A necromancer (Crypt:1)
  An oklob plant (Lair:2)
  2 worldbinders (Abyss:2)
  A guardian mummy (Tomb:2)
  An ancient zyme (Abyss:2)
  A jumping spider (Spider:4)
  A hornet (Vaults:1)
  2 slime creatures (Vaults:1)
  A flying skull (Crypt:3)
  A hippogriff (shapeshifter) (Depths:4)
  2 wraiths (Crypt:3)
  A hog (shapeshifter) (Depths:2)
  A golden eye (Slime:2)
  A spatial vortex (Abyss:2)
  2 eyes of draining
  2 spiny frog simulacra (Swamp:4)
  A starcursed mass (Spider:2)
  A black bear zombie (Crypt:3)
  A spectral swamp drake (Swamp:4)
  2 starspawn tentacles (Abyss:1)
90 creatures vanquished.

Vanquished Creatures (others)
  A lich (Vaults:3)
  A spark wasp (Spider:2)
  A hell hog (Depths:1)
  A swamp dragon (Swamp:4)
  An ugly thing (D:12)
  An ushabti (Tomb:3)
  A steam dragon (Swamp:4)
  An insubstantial wisp (Swamp:4)
  A black mamba simulacrum (Abyss:1)
  4 swamp drakes (Swamp:4)
  An ogre (Vaults:4)
  A centaur (D:12)
  A small abomination (Abyss:1)
  A jelly (Abyss:4)
  7 fungi
  A lurking horror (Spider:2)
  7 plants
  12 starspawn tentacles
44 creatures vanquished.

Grand Total: 2890 creatures vanquished

Notes
Turn   | Place    | Note
-------+----------+-------------------------------------------
     0 | D:1      | Atelerd the Octopode Venom Mage began the quest for the
                  | Orb.
     0 | D:1      | Reached XP level 1. HP: 11/11 MP: 3/3
   203 | D:1      | Reached XP level 2. HP: 6/17 MP: 0/5
   974 | D:1      | Reached XP level 3. HP: 21/21 MP: 6/6
  1619 | D:1      | Learned a level 3 spell: Mephitic Cloud
  2023 | D:2      | Reached XP level 4. HP: 21/27 MP: 3/7
  2271 | D:2      | Noticed Terence
  2279 | D:2      | Killed Terence
  2279 | D:2      | Reached skill level 5 in Poison Magic
  2279 | D:2      | Reached XP level 5. HP: 31/31 MP: 4/9
  2284 | D:2      | Learned a level 3 spell: Ignite Poison
  2652 | D:2      | Noticed Natasha
  2661 | D:2      | Killed Natasha
  2906 | D:2      | Noticed Natasha
  2916 | D:2      | Killed Natasha
  3002 | D:2      | Noticed Natasha
  3011 | D:2      | Killed Natasha
  3335 | D:3      | Found an iron altar of Okawaru.
  3357 | D:3      | Reached XP level 6. HP: 31/36 MP: 10/10
  3390 | D:3      | Learned a level 4 spell: Olgreb's Toxic Radiance
  4868 | D:4      | Noticed Eustachio
  4877 | D:4      | Killed Eustachio
  4877 | D:4      | Reached skill level 1 in Conjurations
  4877 | D:4      | Reached skill level 1 in Air Magic
  4877 | D:4      | Reached XP level 7. HP: 25/41 MP: 1/11
  5008 | D:4      | Noticed Sigmund
  5013 | D:4      | Killed Sigmund
  5378 | D:4      | Found a shimmering altar of Xom.
  5496 | D:4      | Found a blossoming altar of Fedhas.
  5813 | D:5      | Entered Level 5 of the Dungeon
  5857 | D:5      | Found Fosyvy Weihu's Weapon Shoppe.
  5869 | D:5      | Reached skill level 1 in Fire Magic
  5988 | D:5      | Reached XP level 8. HP: 43/46 MP: 1/13
  6136 | D:5      | Got a transparent dagger
  6137 | D:5      | Identified the +5 dagger "Gazireast" {flame, *Drain +Fly
                  | rPois} (You found it on level 5 of the Dungeon)
  6146 | D:5      | Found a staircase to the Ecumenical Temple.
  6419 | D:5      | Found a bloodstained altar of Trog.
  6420 | D:5      | Found Gestrog's Antique Armour Emporium.
  6568 | D:5      | Found a glowing silver altar of Zin.
  6577 | D:5      | Noticed a two-headed ogre
  6585 | D:5      | Killed a two-headed ogre
  6585 | D:5      | Reached XP level 9. HP: 55/55 MP: 1/15
  6993 | Temple   | Entered the Ecumenical Temple
  7064 | Temple   | Became a worshipper of Sif Muna the Loreminder
  7776 | D:6      | Found a glowing golden altar of the Shining One.
  8026 | D:6      | Found a shimmering blue altar of Sif Muna.
  8241 | D:6      | Identified Sif Muna's Handbook of Translocation
  8386 | D:7      | Reached skill level 5 in Stealth
  8410 | D:6      | Reached skill level 5 in Dodging
  8641 | D:7      | Reached skill level 5 in Spellcasting
  9076 | D:7      | Found a radiant altar of Vehumet.
  9241 | D:8      | Reached * piety under Sif Muna
  9529 | D:8      | Noticed a two-headed ogre
  9569 | D:8      | Reached XP level 10. HP: 54/63 MP: 11/20
  9590 | D:8      | Killed a two-headed ogre
 10250 | D:9      | Found an ornate altar of the Wu Jian Council.
 10277 | D:9      | Reached ** piety under Sif Muna
 10959 | D:9      | Noticed Erolcha
 10964 | D:9      | Killed Erolcha
 11209 | D:10     | Entered Level 10 of the Dungeon
 11250 | D:10     | Reached skill level 10 in Spellcasting
 11466 | D:10     | Killed an unseen horror
 11466 | D:10     | Reached XP level 11. HP: 67/67 MP: 13/25
 11731 | D:10     | Found a glowing silver altar of Zin.
 12049 | D:10     | Noticed a two-headed ogre
 12054 | D:10     | Killed a two-headed ogre
 12508 | D:11     | Noticed an oklob plant
 12608 | D:11     | Reached *** piety under Sif Muna
 12853 | D:10     | Learned a level 5 spell: Fireball
 12857 | D:10     | Learned a level 3 spell: Confusing Touch
 13088 | D:11     | Reached skill level 1 in Hexes
 13088 | D:11     | Reached skill level 1 in Invocations
 13240 | D:11     | Found Peqew's Practical Paraphernalia.
 13464 | D:11     | Noticed an oklob plant
 14181 | D:12     | Noticed a two-headed ogre
 14184 | D:12     | Killed a two-headed ogre
 14248 | D:12     | Noticed a two-headed ogre
 14251 | D:12     | Killed a two-headed ogre
 14251 | D:12     | Reached skill level 5 in Conjurations
 14251 | D:12     | Reached XP level 12. HP: 62/72 MP: 16/28
 14488 | D:12     | Noticed Azrael
 14592 | D:12     | Noticed a two-headed ogre
 14596 | D:12     | Killed a two-headed ogre
 14672 | D:12     | Reached **** piety under Sif Muna
 14724 | D:12     | Found a staircase to the Orcish Mines.
 14751 | Orc:1    | Entered Level 1 of the Orcish Mines
 14931 | Orc:2    | Entered Level 2 of the Orcish Mines
 15290 | Orc:2    | Found a staircase to the Elven Halls.
 15398 | Orc:2    | Noticed a two-headed ogre
 15406 | Orc:2    | Noticed a two-headed ogre
 15407 | Orc:2    | Noticed a two-headed ogre
 15416 | Orc:2    | Killed a two-headed ogre
 15417 | Orc:2    | Killed a two-headed ogre
 15417 | Orc:2    | Reached skill level 5 in Fire Magic
 15440 | Orc:2    | Killed a two-headed ogre
 15850 | Orc:2    | Noticed a two-headed ogre
 15863 | Orc:2    | Killed a two-headed ogre
 15920 | Orc:2    | Noticed an ogre mage
 15924 | Orc:2    | Killed an ogre mage
 15924 | Orc:2    | Reached skill level 5 in Invocations
 16066 | Orc:2    | Noticed a two-headed ogre
 16071 | Orc:2    | Killed a two-headed ogre
 16393 | Orc:2    | Noticed an ogre mage
 16402 | Orc:2    | Reached skill level 5 in Hexes
 16402 | Orc:2    | Reached skill level 1 in Evocations
 16404 | Orc:2    | Killed an ogre mage
 16513 | Orc:2    | Reached XP level 13. HP: 77/77 MP: 21/29
 17522 | Orc:2    | Found Norobeje's Book Emporium.
 17523 | Orc:2    | Found Puetufuakku's Gadget Shoppe.
 17528 | Orc:2    | Found Sairo's Jewellery Shop.
 17537 | Orc:2    | Found Patiomen's Magic Scroll Emporium.
 17541 | Orc:2    | Bought a cursed -4 ring of slaying for 34 gold pieces
 17546 | Orc:2    | Bought a scroll of identify for 26 gold pieces
 17546 | Orc:2    | Bought a scroll of identify for 26 gold pieces
 17621 | Orc:2    | Bought a cursed amulet of inaccuracy for 34 gold pieces
 17621 | Orc:2    | Bought a cursed ring of protection from fire for 374 gold
                  | pieces
 17958 | D:12     | Reached ***** piety under Sif Muna
 17958 | D:12     | Received a gift from Sif Muna
 17965 | D:12     | Learned a level 4 spell: Airstrike
 18452 | D:13     | Found a blossoming altar of Fedhas.
 19067 | D:13     | Noticed Maurice
 19074 | D:13     | Killed Maurice
 19629 | D:13     | Reached skill level 5 in Fighting
 20018 | D:14     | Reached skill level 5 in Air Magic
 20844 | D:14     | Found a gate to the Vaults.
 21232 | D:14     | Reached skill level 10 in Stealth
 21232 | D:14     | Reached XP level 14. HP: 88/88 MP: 16/31
 21674 | D:14     | Found Natuehof's Magic Scroll Boutique.
 21683 | D:14     | Bought a scroll of identify for 24 gold pieces
 21683 | D:14     | Bought a scroll of identify for 24 gold pieces
 21683 | D:14     | Bought a scroll of blinking for 90 gold pieces
 21683 | D:14     | Bought a scroll of identify for 24 gold pieces
 21683 | D:14     | Bought a scroll of identify for 24 gold pieces
 21684 | D:14     | Identified a scroll of acquirement
 21685 | D:14     | Acquired a book of the Earth
 21696 | D:14     | Learned a level 6 spell: Statue Form
 21989 | D:13     | Reached skill level 1 in Earth Magic
 22406 | D:5      | Bought a glowing hat for 217 gold pieces
 23088 | D:15     | Entered Level 15 of the Dungeon
 23172 | D:15     | Identified Sif Muna's Papyrus of Enchantment (Sif Muna
                  | gifted it to you on level 15 of the Dungeon)
 23172 | D:15     | Received a gift from Sif Muna
 23172 | D:15     | Noticed Josephine
 23181 | D:15     | Killed Josephine
 23393 | D:15     | Reached skill level 5 in Transmutations
 23770 | D:15     | Noticed a fire giant
 24216 | D:15     | Reached skill level 5 in Earth Magic
 24469 | D:15     | Found a staircase to the Depths.
 25253 | Elf:1    | Entered Level 1 of the Elven Halls
 25288 | Elf:1    | Found a frozen archway.
 25302 | IceCv    | Entered an ice cave
 25465 | IceCv    | Learned a level 5 spell: Summon Mana Viper
 25477 | IceCv    | Noticed a white very ugly thing
 25508 | IceCv    | Killed a white very ugly thing
 26068 | IceCv    | Noticed a white very ugly thing
 26107 | IceCv    | Killed a white very ugly thing
 27042 | Elf:1    | Reached XP level 15. HP: 85/92 MP: 4/32
 27214 | Elf:1    | Identified the Almanac of Calling
 27355 | Elf:1    | Reached skill level 1 in Summonings
 27939 | Elf:2    | Reached skill level 10 in Earth Magic
 28528 | Elf:2    | Reached skill level 1 in Shields
 28955 | Elf:2    | Found a runed translucent gate.
 28990 | Elf:2    | Found a runed translucent gate.
 28993 | Elf:2    | Found a runed translucent gate.
 29626 | Elf:2    | Noticed a deep elf blademaster
 29855 | D:12     | Killed Azrael
 29901 | D:11     | Found a staircase to the Lair.
 30040 | Lair:1   | Entered Level 1 of the Lair of Beasts
 30265 | Lair:1   | Reached skill level 5 in Summonings
 32040 | Lair:2   | Found a hole to the Spider Nest.
 32749 | Lair:3   | Found a staircase to the Swamp.
 33997 | Lair:4   | Reached XP level 16. HP: 98/98 MP: 6/33
 34209 | Lair:4   | Received a gift from Sif Muna
 35179 | Lair:5   | Found a staircase to the Slime Pits.
 35179 | Lair:5   | Found a viscous altar of Jiyva.
 36168 | Lair:6   | Entered Level 6 of the Lair of Beasts
 36367 | Lair:6   | Reached skill level 10 in Transmutations
 37185 | Lair:6   | Identified Sif Muna's Grimoire of the Excruciating Birds
                  | (Sif Muna gifted it to you on level 6 of the Lair of
                  | Beasts)
 37185 | Lair:6   | Received a gift from Sif Muna
 37192 | Lair:6   | Learned a level 4 spell: Iskenderun's Mystic Blast
 37648 | Lair:6   | Acquired 2380 gold pieces
 37972 | D:14     | Bought a scroll of brand weapon for 240 gold pieces
 38595 | Spider:1 | Entered Level 1 of the Spider Nest
 38731 | Spider:1 | Reached skill level 10 in Summonings
 39710 | Spider:1 | You fall into a shaft and drop 1 floor!
 39840 | Spider:2 | Reached skill level 5 in Shields
 40108 | Spider:2 | Reached XP level 17. HP: 103/103 MP: 13/34
 40786 | Spider:2 | Found a transporter.
 40854 | Spider:2 | Found a transporter.
 40854 | Spider:2 | Found a one-way gate to the infinite horrors of the Abyss.
 40872 | Spider:2 | Noticed Menwosug's ghost (adept FoFi)
 40872 | Spider:2 | Noticed a tentacled starspawn
 42486 | Spider:3 | Identified Sif Muna's Compendium of Calling (Sif Muna
                  | gifted it to you on level 3 of the Spider Nest)
 42486 | Spider:3 | Received a gift from Sif Muna
 42798 | Spider:3 | Reached skill level 10 in Conjurations
 43066 | Spider:3 | Acquired the ring "Xogept" {*Contam rCorr Str+7 Int+4}
 43245 | Spider:3 | Reached skill level 10 in Invocations
 43545 | Spider:4 | Entered Level 4 of the Spider Nest
 43726 | Spider:4 | Learned a level 7 spell: Haunt
 43742 | Spider:4 | Reached skill level 1 in Necromancy
 43949 | Spider:4 | Identified Sif Muna's Tome of Malediction and Flames (Sif
                  | Muna gifted it to you on level 4 of the Spider Nest)
 43949 | Spider:4 | Received a gift from Sif Muna
 44541 | Spider:4 | Learned a level 6 spell: Iron Shot
 44542 | Spider:4 | Reached skill level 5 in Necromancy
 44616 | Spider:4 | Reached XP level 18. HP: 108/108 MP: 24/36
 44794 | Spider:4 | Got a gossamer rune of Zot
 45301 | Vaults:1 | Entered Level 1 of the Vaults
 45575 | Vaults:1 | Acquired 1780 gold pieces
 45940 | Vaults:1 | Noticed Asterion
 45952 | Vaults:1 | Killed Asterion
 46095 | Vaults:1 | Reached skill level 10 in Necromancy
 46679 | Vaults:2 | Found a staircase to the Crypt.
 46679 | Vaults:2 | Found an ancient bone altar of Kikubaaqudgha.
 46680 | Vaults:2 | Found a basalt altar of Yredelemnul.
 46967 | Vaults:2 | Identified Sif Muna's Guide on the Mountains and
                  | Weightlessness (Sif Muna gifted it to you on level 2 of the
                  | Vaults)
 46967 | Vaults:2 | Received a gift from Sif Muna
 46978 | Vaults:2 | Learned a level 6 spell: Freezing Cloud
 47275 | Vaults:2 | Reached XP level 19. HP: 113/113 MP: 22/37
 47928 | Vaults:2 | Found Varaf's Weapon Shop.
 49182 | Vaults:3 | Found Noetz's Food Shop.
 49211 | Vaults:3 | Got a polished buckler
 49212 | Vaults:3 | Identified the +1 buckler of Zigguhoq {rElec} (You found it
                  | on level 3 of the Vaults)
 49493 | Vaults:3 | Found a white marble altar of Elyvilon.
 49660 | Vaults:3 | Identified Soixt's Incunabulum of Conjuration and the
                  | Frostbite (Sif Muna gifted it to you on level 3 of the
                  | Vaults)
 49660 | Vaults:3 | Received a gift from Sif Muna
 49989 | Vaults:3 | Noticed a Tzitzimitl
 51335 | Spider:2 | Gained mutation: You are weak. (Str -2) [mutagenic glow]
 51389 | Spider:2 | Gained mutation: You are dopey. (Int -2) [mutagenic glow]
 52053 | Depths:1 | Entered Level 1 of the Depths
 52266 | Elf:2    | Reached XP level 20. HP: 115/119 MP: 16/38
 52918 | Elf:3    | Entered Level 3 of the Elven Halls
 52918 | Elf:3    | Found Veseus's Jewellery Shoppe.
 52922 | Elf:3    | Reached skill level 15 in Spellcasting
 53056 | Elf:3    | Cast into level 2 of the Abyss (a deep elf sorcerer)
 53263 | Abyss:2  | Noticed a bone dragon
 53347 | Elf:3    | Escaped the Abyss
 53401 | Elf:3    | Found the amulet of the Air {Inacc +Fly rElec EV+5 RMsl}
 53457 | Elf:3    | Reached skill level 15 in Necromancy
 53467 | Elf:3    | Identified Sif Muna's Volume of Combat Magic (Sif Muna
                  | gifted it to you on level 3 of the Elven Halls)
 53467 | Elf:3    | Received a gift from Sif Muna
 53482 | Elf:3    | Learned a level 7 spell: Orb of Destruction
 53492 | Elf:3    | Identified the +6 demon trident of Viskokhle {vorpal,
                  | *Corrode rPois Stlth+}
 53635 | Elf:3    | Reached skill level 1 in Long Blades
 53806 | Elf:3    | Got a flickering amber ring
 53807 | Elf:3    | Identified the ring of Piaschawk {rElec Int+4 Dex+3 Slay+4}
                  | (You found it on level 3 of the Elven Halls)
 53850 | Elf:3    | Reached skill level 1 in Ice Magic
 53877 | Elf:3    | Reached skill level 2 in Ice Magic
 54067 | Elf:3    | Reached skill level 3 in Ice Magic
 54159 | Elf:3    | Found the ring of Robustness {AC+8}
 54196 | Elf:3    | Reached XP level 21. HP: 126/126 MP: 28/40
 54386 | Elf:3    | Got a twitching ruby amulet
 54388 | Elf:3    | Identified Sif Muna's Disquisition on the Shifting Voyage
 54394 | Elf:3    | Got an ancient golden ring
 54404 | Elf:3    | Identified the amulet of Waecemn {Faith rC+} (You found it
                  | on level 3 of the Elven Halls)
 54405 | Elf:3    | Identified the cursed ring of the Middle {Str-4 Int+3
                  | Dex-2} (You found it on level 3 of the Elven Halls)
 54476 | Elf:3    | Identified the ring "Caehizad" {+Fly rPois rF- rN+++ Dex+5}
 54480 | Elf:3    | Reached skill level 4 in Ice Magic
 54734 | Elf:3    | Found Maloco's General Store.
 54807 | Elf:3    | Found Dawnopy's Jewellery Emporium.
 54894 | Elf:3    | Found Kishat's General Store.
 55101 | Elf:3    | Found the ring of the Mage {Wiz MR++ Int+3}
 55378 | Swamp:1  | Entered Level 1 of the Swamp
 55393 | Swamp:1  | Reached skill level 1 in Short Blades
 55589 | Swamp:1  | Learned a level 4 spell: Dispel Undead
 55835 | Swamp:1  | Found a sacrificial altar of Ru.
 55859 | Swamp:1  | Reached skill level 5 in Ice Magic
 56173 | Swamp:1  | You fall into a shaft and drop 1 floor!
 56593 | Swamp:2  | Reached skill level 6 in Ice Magic
 58994 | Swamp:4  | Entered Level 4 of the Swamp
 58998 | Swamp:4  | Reached skill level 7 in Ice Magic
 59063 | Swamp:4  | Found a runed translucent gate.
 59063 | Swamp:4  | Found a runed translucent gate.
 59063 | Swamp:4  | Found a runed translucent gate.
 59081 | Swamp:4  | Noticed Eitelfritz's ghost (adept MiGl)
 60462 | Swamp:4  | Got a decaying rune of Zot
 60564 | Swamp:4  | Killed Eitelfritz's ghost
 60844 | Spider:2 | Killed Menwosug's ghost
 60857 | Spider:2 | Gained mutation: You are very dopey. (Int -4) [mutagenic
                  | glow]
 60917 | Spider:2 | Gained mutation: You are clumsy. (Dex -2) [mutagenic glow]
 61141 | Crypt:1  | Entered Level 1 of the Crypt
 61624 | Crypt:1  | Identified Sif Muna's Volume of Sinister Rites and the
                  | Entourage (Sif Muna gifted it to you on level 1 of the
                  | Crypt)
 61624 | Crypt:1  | Received a gift from Sif Muna
 61659 | Crypt:1  | Reached skill level 10 in Fire Magic
 62123 | Crypt:1  | Reached XP level 22. HP: 132/132 MP: 23/41
 64308 | Vaults:4 | Received a gift from Sif Muna
 64591 | Vaults:4 | Noticed Mara
 64599 | Vaults:4 | Killed Mara
 64771 | Vaults:4 | Noticed Boris
 64780 | Vaults:4 | Killed Boris
 64970 | Vaults:4 | Learned a level 8 spell: Ignition
 65724 | Vaults:4 | Noticed Frederick
 65731 | Vaults:4 | Killed Frederick
 66034 | Vaults:5 | Entered Level 5 of the Vaults
 66037 | Vaults:5 | Reached XP level 23. HP: 136/136 MP: 29/42
 66075 | Vaults:5 | Noticed an ancient lich
 66111 | Vaults:5 | Killed an ancient lich
 66399 | Vaults:5 | Identified the +7 short sword of Eternal Vigilance {venom,
                  | rElec rPois}
 66640 | Vaults:5 | Identified the +0 chain mail "Qopluysi" {Str+4 Dex-2 SInv}
 66948 | Vaults:5 | Noticed a golden dragon
 66957 | Vaults:5 | Killed a golden dragon
 67156 | Vaults:5 | Identified the cursed +1 halberd of the Unstoppable Queens
                  | {vorpal, rElec}
 67316 | Vaults:5 | Gained mutation: You are very weak. (Str -4) [a shining
                  | eye]
 67756 | Vaults:5 | Identified the +8 flail of Miqempe {drain, MR+ Dex+6}
 67765 | Vaults:5 | Identified the +2 mace of the Shouting Pariah {pain, rElec
                  | rN++ Int-5} (You found it on level 5 of the Vaults)
 67871 | Vaults:5 | Identified Cufuhai's Catalogue of Dusty Summoning
 68598 | Vaults:5 | Reached XP level 24. HP: 143/143 MP: 16/44
 68858 | Vaults:5 | Got a silver rune of Zot
 68980 | Vaults:5 | Noticed an ancient lich
 68984 | Vaults:5 | Killed an ancient lich
 69548 | Swamp:3  | Got a crude falchion
 69549 | Swamp:3  | Identified the +8 falchion "Ereatro" {elec, +Inv rF+} (You
                  | found it on level 3 of the Swamp)
 70195 | Crypt:2  | Noticed a greater mummy
 70202 | Crypt:2  | Noticed a greater mummy
 70205 | Crypt:2  | Killed a greater mummy
 70631 | Crypt:2  | Noticed Khufu
 71117 | Slime:1  | Entered Level 1 of the Pits of Slime
 71123 | Slime:1  | Lost mutation: You are very weak. (Str -4) [a shining eye]
 71126 | Slime:1  | Gained mutation: Your magical capacity is low. (-10% MP) [a
                  | shining eye]
 71127 | Slime:1  | Gained mutation: You are occasionally teleported next to
                  | monsters. [a shining eye]
 71205 | Slime:1  | Reached skill level 15 in Conjurations
 71208 | Slime:1  | Gained mutation: Scrolls take you a little longer to read.
                  | [a shining eye]
 71475 | Vaults:1 | Lost mutation: You are occasionally teleported next to
                  | monsters. [potion of mutation]
 71475 | Vaults:1 | Gained mutation: You possess an exceptional clarity of
                  | mind. [potion of mutation]
 71475 | Vaults:1 | Lost mutation: You are clumsy. (Dex -2) [potion of
                  | mutation]
 71748 | Spider:3 | Lost mutation: You are weak. (Str -2) [potion of mutation]
 71748 | Spider:3 | Lost mutation: You are very dopey. (Int -4) [potion of
                  | mutation]
 71748 | Spider:3 | Gained mutation: You do not regenerate when monsters are
                  | visible. [potion of mutation]
 71748 | Spider:3 | Lost mutation: Scrolls take you a little longer to read.
                  | [potion of mutation]
 71748 | Spider:3 | Gained mutation: Your magical capacity is very low. (-20%
                  | MP) [potion of mutation]
 71748 | Spider:3 | Gained mutation: You are resistant to hostile enchantments.
                  | (MR+) [potion of mutation]
 71749 | Spider:3 | Lost mutation: You do not regenerate when monsters are
                  | visible. [potion of mutation]
 71749 | Spider:3 | Lost mutation: Your magical capacity is very low. (-20% MP)
                  | [potion of mutation]
 71749 | Spider:3 | Lost mutation: You possess an exceptional clarity of mind.
                  | [potion of mutation]
 71749 | Spider:3 | Lost mutation: You are dopey. (Int -2) [potion of mutation]
 71749 | Spider:3 | Gained mutation: You are dopey. (Int -2) [potion of
                  | mutation]
 71749 | Spider:3 | Gained mutation: Your flesh is heat resistant. (rF+)
                  | [potion of mutation]
 71749 | Spider:3 | Lost mutation: You are dopey. (Int -2) [potion of mutation]
 71749 | Spider:3 | Gained mutation: You have a beak for a mouth. [potion of
                  | mutation]
 72429 | Slime:2  | Identified Sif Muna's Collected Works on Cankerous Darkness
                  | (Sif Muna gifted it to you on level 2 of the Pits of Slime)
 72429 | Slime:2  | Received a gift from Sif Muna
 72812 | Slime:2  | Gained mutation: You occasionally shout uncontrollably at
                  | your foes. [a shining eye]
 72813 | Slime:2  | Gained mutation: You are dopey. (Int -2) [a shining eye]
 74645 | Slime:5  | Entered Level 5 of the Pits of Slime
 74806 | Slime:5  | Gained mutation: You do not regenerate when monsters are
                  | visible. [a shining eye]
 74807 | Slime:5  | Gained mutation: Your body sometimes deteriorates upon
                  | taking damage. [a shining eye]
 75109 | Slime:5  | Reached XP level 25. HP: 149/149 MP: 23/41
 75187 | Slime:5  | Identified Sif Muna's Almanac of Stones and Flight (Sif
                  | Muna gifted it to you on level 5 of the Pits of Slime)
 75187 | Slime:5  | Received a gift from Sif Muna
 75265 | Slime:5  | Noticed the Royal Jelly
 75281 | Slime:5  | Killed the Royal Jelly
 75281 | Slime:5  | Reached skill level 8 in Ice Magic
 75532 | Slime:5  | Found the +8 demon trident "Rift" {distort, reach+}
 75573 | Slime:5  | Got a slimy rune of Zot
 75580 | Slime:5  | Lost mutation: Your body sometimes deteriorates upon taking
                  | damage. [potion of mutation]
 75580 | Slime:5  | Lost mutation: Your magical capacity is low. (-10% MP)
                  | [potion of mutation]
 75580 | Slime:5  | Gained mutation: Scrolls take you a little longer to read.
                  | [potion of mutation]
 75580 | Slime:5  | Gained mutation: Your flesh is cold resistant. (rC+)
                  | [potion of mutation]
 75580 | Slime:5  | Gained mutation: Your spells are a little harder to cast,
                  | but a little more powerful. [potion of mutation]
 75580 | Slime:5  | Gained mutation: You are robust. (+10% HP) [potion of
                  | mutation]
 75581 | Slime:5  | Lost mutation: Scrolls take you a little longer to read.
                  | [potion of mutation]
 75581 | Slime:5  | Lost mutation: You do not regenerate when monsters are
                  | visible. [potion of mutation]
 75581 | Slime:5  | Lost mutation: You have a beak for a mouth. [potion of
                  | mutation]
 75581 | Slime:5  | Gained mutation: You are partially covered in thin metallic
                  | scales. (AC +2) [potion of mutation]
 75581 | Slime:5  | Gained mutation: You expend magic power (3 MP) to
                  | strengthen your wands. [potion of mutation]
 75601 | Slime:5  | Identified the ring of Wuvenan {+Blink rF+ Str-4 Int-3
                  | Dex+10} (You found it on level 5 of the Pits of Slime)
 75606 | Slime:5  | Identified the ring "Ukhluonu" {rF+ MR+ Int+4 Dex+3} (You
                  | found it on level 5 of the Pits of Slime)
 75614 | Slime:5  | Identified the Reference Book on Unstable Ignition
 75889 | Slime:5  | Identified the +6 great mace "Arcanum" {venom, +Blink
                  | Int+5} (You found it on level 5 of the Pits of Slime)
 75927 | Slime:5  | Identified the +10 hand crossbow of Checkmate {freeze,
                  | rElec rPois rF++ Stlth-} (You found it on level 5 of the
                  | Pits of Slime)
 76432 | Depths:1 | Reached skill level 5 in Evocations
 76658 | Depths:1 | Reached skill level 9 in Ice Magic
 76659 | Depths:1 | Noticed Sojobo
 76665 | Depths:1 | Killed Sojobo
 76926 | Depths:1 | Reached skill level 10 in Shields
 77338 | Depths:1 | You fall into a shaft and drop 1 floor!
 77339 | Depths:2 | Noticed a juggernaut
 77346 | Depths:2 | Killed a juggernaut
 77346 | Depths:2 | Reached skill level 10 in Ice Magic
 77509 | Depths:2 | Gained mutation: You do not regenerate when monsters are
                  | visible. [mutagenic glow]
 77655 | Depths:2 | Gained mutation: You are weak. (Str -2) [a neqoxec]
 77663 | Depths:2 | Found a one-way gate leading to the halls of Pandemonium.
 77889 | Depths:2 | Found a glowing golden altar of the Shining One.
 78186 | Depths:2 | Noticed a juggernaut
 78190 | Depths:2 | Killed a juggernaut
 78190 | Depths:2 | Reached skill level 11 in Ice Magic
 78594 | Depths:2 | Reached XP level 26. HP: 172/172 MP: 41/46
 78755 | Depths:2 | Found a gateway to Hell.
 79288 | Depths:3 | Identified the +8 glaive "Gilohu" {drain, +Rage rElec rPois
                  | MR-} (You found it on level 3 of the Depths)
 79312 | Depths:3 | Found Paxuz's Armour Shop.
 79316 | Depths:3 | Found Winaum's Book Boutique.
 79349 | Depths:3 | Reached skill level 5 in Short Blades
 79541 | Depths:3 | Found a gateway to a ziggurat.
 79741 | Depths:3 | Reached skill level 12 in Ice Magic
 80021 | Depths:3 | Reached skill level 10 in Dodging
 80056 | Depths:3 | Received a gift from Sif Muna
 81193 | Depths:4 | Noticed Louise
 81200 | Depths:4 | Killed Louise
 81534 | Depths:4 | Reached skill level 13 in Ice Magic
 82021 | Depths:4 | Identified the Reference Book on Lightness and Conjuration
 82407 | Depths:5 | Entered Level 5 of the Depths
 82464 | Depths:5 | Noticed the Enchantress
 82472 | Depths:5 | Killed the Enchantress
 82890 | Depths:5 | Noticed a juggernaut
 82897 | Depths:5 | Killed a juggernaut
 83100 | Depths:5 | Noticed a juggernaut
 83105 | Depths:5 | Killed a juggernaut
 83105 | Depths:5 | Reached skill level 14 in Ice Magic
 83114 | Depths:5 | Lost mutation: You are dopey. (Int -2) [a neqoxec]
 83275 | Depths:5 | Reached XP level 27. HP: 178/178 MP: 25/46
 83539 | Depths:5 | Noticed a juggernaut
 83551 | Depths:5 | Killed a juggernaut
 84123 | Depths:5 | Reached skill level 15 in Ice Magic
 84254 | Depths:5 | Found a gate to the Realm of Zot.
 84268 | Depths:5 | Identified Leturrul's Incunabulum of Malediction and
                  | Transmutation (Sif Muna gifted it to you on level 5 of the
                  | Depths)
 84268 | Depths:5 | Received a gift from Sif Muna
 85593 | Crypt:2  | Killed a greater mummy
 86418 | Crypt:3  | Entered Level 3 of the Crypt
 86460 | Crypt:3  | Found the +8 trident of the Octopus King {venom, rElec
                  | rPois MR+}
 86690 | Crypt:3  | Found a staircase to the Tomb.
 87534 | Crypt:3  | Noticed Boris
 87539 | Crypt:3  | Killed Boris
 88051 | Crypt:3  | Found a basalt altar of Yredelemnul.
 88142 | Crypt:3  | Reached skill level 16 in Ice Magic
 88536 | Crypt:3  | Received a gift from Sif Muna
 88763 | Crypt:3  | Identified Ilautob's Catalogue of Freezing Stones
 88822 | Crypt:3  | Identified the Papyrus of Black Magic
 89080 | Tomb:1   | Entered Level 1 of the Tomb of the Ancients
 89092 | Crypt:3  | Learned a level 8 spell: Necromutation
 90286 | Spider:2 | Voluntarily entered the Abyss.
 90291 | Abyss:1  | Found an iron altar of Okawaru.
 91517 | Abyss:3  | Reached skill level 17 in Ice Magic
 91761 | Abyss:4  | Identified Sif Muna's Lost Tome of Boris (Sif Muna gifted
                  | it to you on level 4 of the Abyss)
 91761 | Abyss:4  | Received a gift from Sif Muna
 91786 | Abyss:4  | Got an abyssal rune of Zot
 91822 | Spider:2 | Escaped the Abyss
 92935 | Tomb:1   | Noticed a greater mummy
 92936 | Tomb:1   | Noticed a greater mummy
 93193 | Tomb:1   | Killed a greater mummy
 93605 | Tomb:1   | Noticed a greater mummy
 93615 | Tomb:1   | Killed a greater mummy
 93923 | Tomb:1   | Killed a greater mummy
 94534 | Tomb:1   | Reached skill level 18 in Ice Magic
 94952 | Tomb:2   | Noticed a greater mummy
 94952 | Tomb:2   | Noticed a greater mummy
 94952 | Tomb:2   | Noticed an ancient lich
 94953 | Tomb:2   | Noticed a greater mummy
 94960 | Tomb:2   | Killed a greater mummy
 94960 | Tomb:2   | Killed a greater mummy
 94961 | Tomb:2   | Killed a greater mummy
 94963 | Tomb:2   | Killed an ancient lich
 95084 | Tomb:2   | Identified the cursed +1 great mace of Yzxap {elec, rElec
                  | MR+ Dex+3} (You found it on level 2 of the Tomb of the
                  | Ancients)
 95176 | Tomb:2   | Received a gift from Sif Muna
 95801 | Tomb:1   | Noticed a greater mummy
 95805 | Tomb:1   | Noticed a greater mummy
 95805 | Tomb:1   | Noticed a greater mummy
 95806 | Tomb:1   | Killed a greater mummy
 95806 | Tomb:1   | Noticed a greater mummy
 95806 | Tomb:1   | Noticed a greater mummy
 95810 | Tomb:1   | Noticed a greater mummy
 95810 | Tomb:1   | Noticed a greater mummy
 95811 | Tomb:1   | Killed a greater mummy
 95811 | Tomb:1   | Reached skill level 19 in Ice Magic
 95811 | Tomb:1   | Killed a greater mummy
 95812 | Tomb:1   | Killed a greater mummy
 95815 | Tomb:1   | Killed a greater mummy
 95816 | Tomb:1   | Killed a greater mummy
 95818 | Tomb:1   | Killed a greater mummy
 96101 | Tomb:1   | Noticed a greater mummy
 96106 | Tomb:1   | Killed a greater mummy
 96242 | Tomb:1   | Noticed a greater mummy
 96248 | Tomb:1   | Killed a greater mummy
 96278 | Tomb:1   | Noticed a greater mummy
 96285 | Tomb:1   | Killed a greater mummy
 96285 | Tomb:1   | Reached skill level 20 in Ice Magic
 96411 | Tomb:1   | Noticed a greater mummy
 96420 | Tomb:1   | Killed a greater mummy
 96511 | Tomb:1   | Noticed a greater mummy
 96519 | Tomb:1   | Noticed a greater mummy
 96523 | Tomb:1   | Killed a greater mummy
 96524 | Tomb:1   | Killed a greater mummy
 96533 | Tomb:1   | Noticed a greater mummy
 96540 | Tomb:1   | Killed a greater mummy
 96550 | Tomb:1   | Noticed a greater mummy
 96950 | Tomb:1   | Noticed a greater mummy
 96956 | Tomb:1   | Killed a greater mummy
 97139 | Tomb:1   | Noticed a greater mummy
 97146 | Tomb:1   | Killed a greater mummy
 97150 | Tomb:1   | Noticed a greater mummy
 97155 | Tomb:1   | Killed a greater mummy
 97156 | Tomb:1   | Noticed a greater mummy
 97161 | Tomb:1   | Noticed a greater mummy
 97164 | Tomb:1   | Killed a greater mummy
 97169 | Tomb:1   | Killed a greater mummy
 97433 | Tomb:1   | Noticed a greater mummy
 97439 | Tomb:1   | Killed a greater mummy
 97574 | Tomb:1   | Noticed a greater mummy
 97580 | Tomb:1   | Killed a greater mummy
 97580 | Tomb:1   | Reached skill level 21 in Ice Magic
 97580 | Tomb:1   | Killed a greater mummy
 97967 | Tomb:3   | Entered Level 3 of the Tomb of the Ancients
 97976 | Tomb:3   | Noticed an ancient lich
 97976 | Tomb:3   | Noticed an ancient lich
 97976 | Tomb:3   | Noticed a greater mummy
 97976 | Tomb:3   | Noticed an ancient lich
 97977 | Tomb:3   | Reached skill level 10 in Fighting
 97985 | Tomb:3   | Killed an ancient lich
 97985 | Tomb:3   | Noticed a greater mummy
 97987 | Tomb:3   | Killed from afar by a greater mummy

Illustrated notes

Levels and vault maps discovered:
D:1:      dpeg_arrival_concentric_ovals, layout_loops_ring,
          chequers_serial_rivers_small_3
D:2:      layout_basic, first_ration, uniq_terence, uniq_natasha
D:3:      layout_rooms, lemuel_crystal_altar, kennysheep_minor_cross,
          minmay_goblin_kobold_house
D:4:      layout_basic, marbit_many_paths, kennysheep_mini, uniq_eustachio,
          uniq_sigmund
D:5:      layout_basic, zin_academy, lemuel_doored_altar,
          minmay_temple_entry_butterflies, serial_shops,
          nicolae_shop_temple_entry_statues_fountains, shop
D:6:      layout_loops_ring, nicolae_overflow_crystal_walls, led_sif_book
D:7:      layout_cave_pools, kennysheep_mini_moat
D:8:      layout_rooms, hangedman_little_slice_of_home, minmay_checkerbox
D:9:      layout_stronghold, old_standard_altar, minmay_tree_intersection,
          uniq_erolcha
D:10:     layout_rooms, basic_altar
D:11:     layout_cave_pods, dpeg_oklobed_lair, nicolae_alphabet_shops,
          hangedman_misty_isle
D:12:     layout_rooms, orc_0_dummy, lemuel_nasty_fountain, uniq_azrael
D:13:     layout_roguey, basic_altar, uniq_maurice
D:14:     layout_basic, erik_vaults_1, serial_shops, shop
D:15:     grunt_enter_depths_giant_problem, layout_loops_ring, uniq_josephine
Temple:   eino_temple_lava
Lair:1:   layout_cave_pods, grunt_megastairs_3
Lair:2:   layout_loops_ring, nicolae_spider_entry_orb_guardian,
          minmay_lair_oklob_chamber
Lair:3:   layout_cave_pods, minmay_swamp_entry_worms, lemuel_fruit_fields
Lair:4:   layout_regular_city, serial_bayou_shore_b
Lair:5:   layout_cave_pods, slime_altar_1
Lair:6:   hangedman_lair_in_review, layout_regular_city
Swamp:1:  layout_falls_marsh, lemuel_altar_in_water
Swamp:2:  layout_basic_swamp, nicolae_swamp_fairy_circle
Swamp:3:  layout_basic_swamp, evilmike_swamp_ruin_house_4, swamp_pool2,
          cheibrodos_swamp_minitomb
Swamp:4:  swamp_fiery, layout_basic_swamp, gammafunk_ghost_necromancy
Spider:1: layout_chambers, drop_trap
Spider:2: layout_spider_delve, gammafunk_ghost_abyssal_escape
Spider:3: layout_spider_delve
Spider:4: grunt_spider_rune_parallel
Slime:1:  layout_caves
Slime:2:  nicolae_slime_pool, layout_caves
Slime:3:  layout_caves
Slime:4:  layout_caves
Slime:5
Orc:1:    layout_diamond_mine, gammafunk_ghost_berserking_beasts, mines3_lemuel
Orc:2:    st_orc_open, layout_caves
Elf:1:    layout_geoelf_grid, portal_ice_cave_entry_pillars_1,
          minmay_elf_demonology, nicolae_elf_glass_and_crystal_pillar_1
Elf:2:    layout_gridlike, serial_glass, glass_columns_a, glass_columns_a,
          glass_columns_a, glass_columns_b, glass_columns_a
Elf:3:    nooodl_elf_gasket, layout_gridlike, serial_shops, shop,
          nicolae_shop_stone, nicolae_shop_statue_plus,
          nicolae_shop_window_shopping
Vaults:1: nicolae_vaults_little_squares_1, v_misc_4, hangedman_vaults_stagger,
          ontoclasm_vaults_ring_square, nicolae_vaults_yaktaur_gun_rack,
          nicolae_vaults_little_squares_1, hangedman_vaults_snaps,
          layout_vaults_maze_snakey, uniq_asterion
Vaults:2: dpeg_vaults_monster_row, vaults_dpeg_spiral, ontoclasm_vaults_eye,
          nicolae_vaults_specimen_jars, minmay_crypt_entry_necro_gods,
          vaults_room_boxed, hangedman_vaults_corner, v_misc_11,
          vaults_room_door_ring, vaults_room_semicircle, ontoclasm_vaults_twist,
          layout_vaults_omnigrid, serial_shops, shop
Vaults:3: vaults_dpeg_hooks, hangedman_vaults_pinch, v_pattern_1,
          ontoclasm_vaults_idyll, ontoclasm_vaults_fault, v_misc_27,
          nicolae_vaults_triangles, v_misc_3, hangedman_vaults_cutoff,
          st_hourglassy, vaults_mumra_chevron_long, layout_vaults_big_cross,
          serial_shops, nicolae_shop_temple_entry_statues_fountains, basic_altar
Vaults:4: vaults_room_fancy_cross, vaults_room_octagon, v_misc_13,
          ontoclasm_vaults_decontamination, nicolae_vaults_three_branches,
          nicolae_vaults_quartermaster, grunt_vaults_twisty,
          hangedman_vaults_stream, ontoclasm_vaults_spin,
          nicolae_vaults_what_the_h, ontoclasm_vaults_ligature,
          hangedman_vaults_impose, layout_vaults_big_room, uniq_boris,
          uniq_frederick, uniq_mara
Vaults:5
Crypt:1:  layout_basic, grunt_crypt_arrival_webbed
Crypt:2:  layout_gridlike, st_small_mortuary, uniq_khufu
Crypt:3:  church_of_pain_bobbens, layout_chaotic_city,
          tomb_entry_forgotten_bobbens, serial_sigils_hangedman_scratch,
          grunt_ministairs_2
Tomb:1
Tomb:2
Tomb:3
Depths:1: layout_honeycomb, minivault_14, grunt_hell_entry_dis_mu,
          nicolae_wwwww, minmay_misc_feat_enclosed, grunt_ministairs_10,
          minmay_statues_item, hangedman_blasphemy, uniq_sojobo
Depths:2: minmay_quarter_circles, layout_gridlike, tso_metal_star,
          pf_hell_entry_tar_spiral, rand_demon_pan_entry_8
Depths:3: kennysheep_oblong_rooms, layout_basic, enter_ziggurat_f,
          grunt_decor_arrowhead, rand_demon_pan_entry_5, hell_entry,
          minmay_shoptagon
Depths:4: minmay_split_circle, layout_cave_shapes, hell_entry,
          nicolae_abyss_entry_one_way_or_another,
          minmay_staircase_windowed_small
Depths:5: lemuel_castle_with_subvaults [lemuel_castle_interior_carwin_2],
          layout_gridlike, rand_demon_pan_entry_3, hell_entry, uniq_enchantress

Skill      XL: |  1  2  3  4  5  6  7  8  9 10 11 12 13 14 15 16 17 18 19 20 21 22 23 24 25 26 27 |
---------------+----------------------------------------------------------------------------------+-----
Poison Magic   | 4 5 6 7 |  7.4
Transmutations | 2 3 7 9 10 13 | 13.0
Spellcasting   | 3 4 6 10 12 13 14 15 17 18 19 20 | 20.0
Conjurations   | 1 3 4 5 6 7 9 10 13 15 16 17 | 17.0
Air Magic      | 1 3 6 |  6.6
Fire Magic     | 1 3 4 6 10 14 | 14.7
Fighting       | 2 3 5 6 7 10 | 10.0
Dodging        | 3 5 6 7 9 10 | 10.0
Stealth        | 3 7 10 | 10.2
Hexes          | 2 5 |  5.0
Invocations    | 3 5 7 8 10 12 14 | 14.0
Evocations     | 1 2 4 6 8 |  8.0
Earth Magic    | 8 10 | 10.3
Summonings     | 6 10 12 13 | 13.0
Shields        | 4 5 6 9 10 14 | 14.0
Necromancy     | 5 11 13 15 | 15.2
Long Blades    | 2 |  2.9
Ice Magic      | 3 7 11 14 21 | 21.8
Short Blades   | 1 3 9 |  9.7

Action                   |  1- 3 |  4- 6 |  7- 9 | 10-12 | 13-15 | 16-18 | 19-21 | 22-24 | 25-27 || total
-------------------------+-------+-------+-------+-------+-------+-------+-------+-------+-------++-------
Melee: Dagger            |    61 |    94 |    63 |   153 |   285 |    77 |       |       |       ||   733
       Unarmed           |     5 |       |       |       |       |       |       |       |    23 ||    28
       Constrict         |    22 |    30 |    11 |    17 |    34 |    63 |    62 |    27 |   157 ||   423
       Tentacles         |     8 |    17 |    11 |    21 |    59 |   102 |   112 |    82 |   327 ||   739
       Scimitar          |       |       |       |       |       |   110 |       |       |   125 ||   235
       Long sword        |       |       |       |       |       |    38 |   296 |    88 |   457 ||   879
       Falchion          |       |       |       |       |       |       |       |   117 |    20 ||   137
       Peck              |       |       |       |       |       |       |       |    47 |    11 ||    58
 Cast: Sting             |    32 |    55 |    13 |     6 |     1 |       |       |       |       ||   107
       Mephitic Cloud    |       |       |    18 |    32 |    51 |    12 |    10 |       |       ||   123
       Ignite Poison     |       |       |    21 |    80 |   167 |   166 |   157 |    98 |    47 ||   736
       Olgreb's Toxic Ra |       |       |    15 |    91 |   209 |   262 |   224 |   121 |    82 ||  1004
       Fireball          |       |       |       |     1 |    67 |    26 |    25 |     4 |       ||   123
       Airstrike         |       |       |       |       |   121 |     6 |       |       |       ||   127
       Confusing Touch   |       |       |       |       |     8 |       |       |       |       ||     8
       Statue Form       |       |       |       |       |    20 |    65 |    97 |    72 |   102 ||   356
       Summon Mana Viper |       |       |       |       |     7 |    16 |    10 |       |       ||    33
       Iskenderun's Myst |       |       |       |       |       |     3 |       |       |       ||     3
       Iron Shot         |       |       |       |       |       |    12 |   134 |   133 |   238 ||   517
       Haunt             |       |       |       |       |       |       |    18 |    43 |    41 ||   102
       Dispel Undead     |       |       |       |       |       |       |    48 |   105 |   193 ||   346
       Freezing Cloud    |       |       |       |       |       |       |    15 |    23 |    27 ||    65
       Orb of Destructio |       |       |       |       |       |       |     7 |    22 |    41 ||    70
       Ignition          |       |       |       |       |       |       |       |    33 |   196 ||   229
       Discord           |       |       |       |       |       |       |       |     1 |       ||     1
       Necromutation     |       |       |       |       |       |       |       |       |    15 ||    15
Invok: Channel Magic     |       |       |       |       |    15 |    14 |    23 |    24 |    54 ||   130
       Forget Spell      |       |       |       |       |       |     2 |     1 |     1 |       ||     4
       Divine Exegesis   |       |       |       |       |       |       |       |     1 |       ||     1
 Abil: End Transformatio |       |       |       |       |       |       |       |       |     7 ||     7
       Evoke Blink       |       |       |       |       |       |       |       |       |     5 ||     5
Evoke: Wand              |       |       |       |     1 |    15 |    24 |     1 |       |     2 ||    43
  Use: Scroll            |       |       |    11 |     1 |    20 |    14 |    19 |    11 |    30 ||   106
       Potion            |       |       |     1 |       |     3 |     2 |     7 |     5 |    15 ||    33
 Stab: Sleeping          |     6 |    11 |     2 |     7 |    15 |    16 |    14 |     6 |     6 ||    83
       Distracted        |       |       |     1 |     1 |     2 |     4 |     2 |     1 |     9 ||    20
       Confused          |       |       |     1 |     2 |     6 |       |       |       |       ||     9
       Paralysed         |       |       |       |       |     3 |    19 |       |       |       ||    22
       Petrified         |       |       |       |       |       |     1 |       |       |       ||     1
       Held in net/web   |       |       |       |       |       |     1 |       |       |       ||     1
  Eat: Chunk             |     4 |     5 |     9 |    16 |    35 |    52 |    58 |    24 |    50 ||   253
       Ration            |       |     1 |     3 |     2 |    12 |     5 |     9 |    15 |    19 ||    66
Armor: Skin              |    11 |     3 |     5 |    32 |   146 |   496 |   465 |   376 |   502 ||  2036
Dodge: Dodged            |    58 |    88 |    65 |   148 |   335 |   723 |   816 |   579 |  1489 ||  4301
       Repelled          |       |       |       |       |       |       |    13 |    28 |    49 ||    90
Block: Buckler           |       |       |       |       |       |   167 |   316 |   288 |   957 ||  1728
       Reflection        |       |       |       |       |       |       |       |    17 |    23 ||    40
       Rpst.: Scimitar   |       |       |       |       |       |    78 |       |       |    62 ||   140
       Long sword        |       |       |       |       |       |    26 |   175 |    65 |   208 ||   474
       Falchion          |       |       |       |       |       |       |       |    50 |     6 ||    56
